 Dungeon Crawl Stone Soup version 0.24.0-37-gcf1ca852f1 (webtiles) character file.

Game seed: 4875466333092154409, levelgen mode: deterministic

73 FishyPogo the Charmwright (level 4, -2/57 HPs)
             Began as a Gnoll Skald on Dec 1, 2019.
             Slain by an ogre
             ... wielding a +0 giant spiked club
              (9 damage)
             ... on level 4 of the Dungeon.
             The game lasted 00:03:21 (412 turns).

FishyPogo the Charmwright (Gnoll Skald)              Turns: 412, Time: 00:03:22

Health: -2/57      AC: 22    Str: 14    XL:     4   Next: 27%
Magic:  3/11       EV:  2    Int: 15    God:
Gold:   56         SH:  4    Dex: 15    Spells: 6/13 levels left

rFire    + . .     SeeInvis .   a - +1 mace
rCold    + . .     Gourm    .   h - +0 buckler
rNeg     + + +     Faith    .   (armour currently unavailable)
rPois    +         Spirit   .   (helmet currently unavailable)
rElec    +         Reflect  .   (cloak currently unavailable)
rCorr    +         Harm     .   (gloves currently unavailable)
MR       .....     NoTele   +   (boots currently unavailable)
Stlth    ++........             (no amulet)
HPRegen  1.19/turn              (no ring)
MPRegen  0.12/turn              (no ring)

@: tree-form (expiring), resistant, regenerating
A: distributed training, strong nose
a: no special abilities


You were on level 4 of the Dungeon.
You were not hungry.
You were a tree.
You visited 1 branch of the dungeon, and saw 4 of its levels.

You collected 56 gold pieces.

Inventory:

Hand Weapons
 a - a +1 mace (weapon)
Missiles
 e - 7 javelins (quivered)
Armour
 b - a +0 leather armour (melded)
 h - a +0 buckler (worn)
Comestibles
 c - a chunk of flesh
 d - 2 rations


   Skills:
 + Level 4.6 Fighting
 + Level 1.0 Short Blades
 + Level 1.0 Long Blades
 + Level 1.0 Axes
 + Level 4.6 Maces & Flails
 + Level 1.0 Polearms
 + Level 1.0 Staves
 + Level 1.0 Slings
 + Level 1.0 Bows
 + Level 1.0 Crossbows
 + Level 1.0 Throwing
 + Level 2.7 Armour
 + Level 4.6 Dodging
 + Level 1.0 Stealth
 + Level 1.0 Shields
 + Level 1.0 Unarmed Combat
 + Level 5.0 Spellcasting
 + Level 0.8 Conjurations
 + Level 0.8 Hexes
 + Level 5.4 Charms
 + Level 0.8 Summonings
 + Level 0.8 Necromancy
 + Level 0.8 Translocations
 + Level 0.8 Transmutations
 + Level 0.8 Fire Magic
 + Level 0.8 Ice Magic
 + Level 0.8 Air Magic
 + Level 0.8 Earth Magic
 + Level 0.8 Poison Magic
 + Level 1.1 Invocations
 + Level 1.0 Evocations


You had 6 spell levels left.
You knew the following spells:

 Your Spells              Type           Power        Failure   Level  Hunger
h - Regeneration          Chrm/Necr      ##........   21%         3    ###....
n - Spectral Weapon       Hex/Chrm       ##......     21%         3    ###....
y - Infusion              Chrm           ###.         2%          1    None

Your spell library contained the following spells:

 Spells                   Type           Power        Failure   Level  Hunger
 Song of Slaying          Chrm           ###.....     3%          2    ##.....
 Shroud of Golubria       Chrm/Tloc      ##....       10%         2    ##.....


Dungeon Overview and Level Annotations

Branches:
Dungeon (4/15)
 Temple: D:4-7

Altars:

Annotations:
D:4 Robin


Innate Abilities, Weirdness & Mutations

Your experience applies equally to all skills.
((You have very sharp teeth.))
Your uncanny sense of smell can sniff out nearby items.


Message History

The hobgoblin is severely wounded.
The ogre hits you with a +0 giant spiked club!
The hobgoblin hits you.
You sock the hobgoblin!
You kill the hobgoblin!
The goblin no longer looks unusually strong.
The ogre hits you but does no damage.
An adder comes into view.
Robin roars a battlecry!
The goblin goes into a battle-frenzy!
A goblin comes into view. It is wielding a +0 club.
You completely miss the ogre. The goblin hits you but does no damage.
The ogre hits you with a +0 giant spiked club!
* * * LOW HITPOINT WARNING * * *
Unknown command.
Casting: Regeneration (safe; 21% risk of failure)
Confirm with . or Enter, or press ? or * to list all spells.
Your skin crawls.
The goblin hits you but does no damage.
The ogre hits you with a +0 giant spiked club!
You die...

#.# #.# .....g. ##h##.#
....... .....### .g.....
#.##...
..g....########.##.#
..g.g..#...h.......#
.gg....#.#..###.#..#
.......#♣##P###.#..######
.....ggOg#≈≈≈P...........
###.##ggg#P≈≈.#...#######
#....♣♣≈.....# ∆
#...#.P≈..#..#
#.....###....# #.#.#.#
#.##.# ...... ###### ##
## ≈


You could see an ogre, Robin, a hobgoblin and 4 goblins.

Vanquished Creatures
  A howler monkey (D:4)
  3 adders
  A giant cockroach (D:1)
  2 hobgoblins (D:4)
  A bat (D:2)
  2 goblins (D:4)
  A jackal skeleton (D:4)
  A kobold (D:2)
12 creatures vanquished.

Notes
Turn   | Place    | Note
-------+----------+-------------------------------------------
     0 | D:1      | FishyPogo the Gnoll Skald began the quest for the Orb.
     0 | D:1      | Reached XP level 1. HP: 20/20 MP: 6/6
   151 | D:2      | Reached XP level 2. HP: 19/26 MP: 4/7
   363 | D:4      | Reached skill level 5 in Spellcasting
   363 | D:4      | Reached XP level 3. HP: 25/31 MP: 3/9
   368 | D:4      | Learned a level 3 spell: Regeneration
   372 | D:4      | Learned a level 3 spell: Spectral Weapon
   387 | D:4      | Noticed Robin
   397 | D:4      | Noticed an ogre
   401 | D:4      | Reached skill level 1 in Short Blades
   401 | D:4      | Reached skill level 1 in Long Blades
   401 | D:4      | Reached skill level 1 in Axes
   401 | D:4      | Reached skill level 1 in Polearms
   401 | D:4      | Reached skill level 1 in Staves
   401 | D:4      | Reached skill level 1 in Slings
   401 | D:4      | Reached skill level 1 in Bows
   401 | D:4      | Reached skill level 1 in Crossbows
   401 | D:4      | Reached skill level 1 in Throwing
   401 | D:4      | Reached skill level 1 in Stealth
   401 | D:4      | Reached skill level 1 in Shields
   401 | D:4      | Reached skill level 1 in Unarmed Combat
   401 | D:4      | Reached skill level 1 in Invocations
   401 | D:4      | Reached skill level 1 in Evocations
   401 | D:4      | Reached XP level 4. HP: 38/38 MP: 4/11
   412 | D:4      | Slain by an ogre

Levels and vault maps discovered:
D:1:      dpeg_arrival_shelter, layout_rooms
D:2:      layout_basic, uniq_jessica
D:3:      layout_rooms, first_ration, okawaru_metal_pillars_1_2
D:4:      layout_loops_ring, portal_sewer_entry_d, serial_bayou_pond_d,
          uniq_robin

Skill      XL: |  1  2  3 |
---------------+----------+-----
Spellcasting   | 5 |  5.0
Short Blades   | 1 |  1.0
Long Blades    | 1 |  1.0
Axes           | 1 |  1.0
Polearms       | 1 |  1.0
Staves         | 1 |  1.0
Slings         | 1 |  1.0
Bows           | 1 |  1.0
Crossbows      | 1 |  1.0
Throwing       | 1 |  1.0
Stealth        | 1 |  1.0
Shields        | 1 |  1.0
Unarmed Combat | 1 |  1.0
Invocations    | 1 |  1.1
Evocations     | 1 |  1.0
Fighting       | |  4.6
Maces & Flails | |  4.6
Armour         | |  2.7
Dodging        | |  4.6
Conjurations   | |  0.8
Hexes          | |  0.8
Charms         | |  5.4
Summonings     | |  0.8
Necromancy     | |  0.8
Translocations | |  0.8
Transmutations | |  0.8
Fire Magic     | |  0.8
Ice Magic      | |  0.8
Air Magic      | |  0.8
Earth Magic    | |  0.8
Poison Magic   | |  0.8

Action                   |  1- 3 |  4- 6 || total
-------------------------+-------+-------++-------
Melee: Mace              |    32 |    10 ||    42
       Bite              |     1 |       ||     1
 Cast: Infusion          |     4 |       ||     4
       Regeneration      |     1 |     1 ||     2
  Use: Scroll            |     1 |       ||     1
       Potion            |     3 |       ||     3
Armor: Leather armour    |     8 |       ||     8
       Skin              |    18 |    14 ||    32
Dodge: Dodged            |    25 |     4 ||    29
Block: Buckler           |     8 |       ||     8
